 Dungeon Crawl Stone Soup version 0.30-a0-900-g23479c02f2 (webtiles) character file.

Game seed: 10899578488104220273

337 Lobster4 the Gusty (level 6, -1/59 HPs)
             Began as an Ogre Air Elementalist on Mar 19, 2023.
             Killed from afar by an orc wizard (10 damage)
             ... with a magic dart
             ... on level 4 of the Dungeon.
             The game lasted 00:07:58 (5056 turns).

Lobster4 the Gusty (Ogre Air Elementalist)          Turns: 5056, Time: 00:07:58

Health: -1/59      AC:  3    Str: 13    XL:     6   Next: 54%
Magic:  10/10      EV: 10    Int: 18    God:
Gold:   165        SH:  0    Dex:  9    Spells: 2/11 levels left

rFire   . . .      SeeInvis .    d - +0 whip
rCold   . . .      Faith    .    (no shield)
rNeg    . . .      Spirit   .    a - +0 robe
rPois   .          Reflect  .    (helmet restricted)
rElec   .          Rampage  .    (no cloak)
rCorr   .                        (gloves unavailable)
Will    .....                    (boots unavailable)
Stlth   +                        (no amulet)
HPRegen 0.29/turn                (no ring)
MPRegen 0.12/turn                (no ring)

@: no status effects
A: large, unfitting armour, tough skin 1
a: no special abilities


You were on level 4 of the Dungeon.
You visited 1 branch of the dungeon, and saw 4 of its levels.

You collected 165 gold pieces.

Inventory:

Hand Weapons
 d - a +0 whip (weapon)
 l - a +0 hand axe
Missiles
 r - 5 poisoned darts
 t - a boomerang
Armour
 a - a +0 robe (worn)
 i - a +0 kite shield
Magical Staves
 k - a staff of earth
Wands
 q - a wand of acid (3)
Scrolls
 c - 2 scrolls of identify {unknown}
 h - a scroll of acquirement {unknown}
 j - 2 scrolls of enchant weapon {unknown}
 m - a scroll of fog {unknown}
 o - a scroll of fear {unknown}
 p - a scroll of blinking {unknown}
 s - a scroll of enchant armour {unknown}
Potions
 b - a potion of magic
 e - 3 potions of curing {unknown}
 f - a potion of invisibility {unknown}
 g - a potion of degeneration {unknown}
 n - a potion of resistance {unknown}
 u - a potion of mutation {unknown}


   Skills:
 + Level 2.4 Fighting
 + Level 1.7 Maces & Flails
 + Level 0.7 Throwing
 + Level 1.5 Armour
 + Level 2.5 Dodging
 - Level 1.4 Stealth
 + Level 1.4 Shields
 + Level 3.3 Spellcasting
 + Level 2.0 Conjurations
 + Level 3.3 Air Magic
 + Level 0.8 Poison Magic
 + Level 0.4 Evocations


You had 2 spell levels left.
You knew the following spells:

 Your Spells              Type           Power      Damage    Failure   Level
a - Shock                 Conj/Air       48%        1d6       5%          1
b - Poisonous Vapours     Pois/Air       20%        N/A       10%         2
c - Swiftness             Air            15%        N/A       12%         3
d - Mephitic Cloud        Conj/Pois/Air  10%        N/A       21%         3

Your spell library contained the following spells:

 Spells                   Type           Power      Damage    Failure   Level
 Static Discharge         Conj/Air       24%        2-3/arc   8%          2
 Cigotuvi's Dreadful Rot  Necr/Pois/Air  16%        N/A       14%         2
 Airstrike                Air            7%         2d(2-18)  36%         4


Dungeon Overview and Level Annotations

Branches:
Dungeon (4/15)
 Temple: D:4-7

Altars:
Kikubaaqudgha

Shops:
D:1 (

Annotations:
D:3 1 runed translucent door, hikkokomori's ghost, amateur MfGl


Innate Abilities, Weirdness & Mutations

You are too large for most types of armour.
You have tough skin. (AC +1)


Message History

A magic dart appears from out of thin air!
The magic dart hits you. Something hits you but does no damage.
You hit something but do no damage. Something hits you.
You closely miss something. Something hits you.
You closely miss something.
You hear some strange, mumbled words.
Something tries to affect you, but you resist.
You closely miss something. Something hits you but does no damage.
You hit something but do no damage. Something completely misses you.
You closely miss something.
You hear some strange, mumbled words.
A puff of flame appears from out of thin air!
The puff of flame hits you!
You hit something.
You hear some strange, mumbled words.
A puff of flame appears from out of thin air!
The puff of flame misses you.
You miss something. Something hits you.
You completely miss something. Something hits you.
You miss something. Something hits you but does no damage.
You barely miss something. Something hits you.
You miss something.
You hear some strange, mumbled words.
A puff of flame appears from out of thin air!
The puff of flame hits you!
* * * LOW HITPOINT WARNING * * *
You barely miss something. Something hits you.
* * * LOW HITPOINT WARNING * * *
You closely miss something.
You hear some strange, mumbled words.
Something tries to affect you, but you resist.
You barely miss something. Something hits you.
* * * LOW HITPOINT WARNING * * *
You miss something. Something hits you but does no damage.
You miss something.
You hear some strange, mumbled words.
A magic dart appears from out of thin air!
The magic dart hits you!
You die...

....# ....# ....# ....#
######### ....# #........
....####### #........
........<.### #........
....#####...######........
....# ###.....@{........
....# ########........ #
....# #........ # ....####
#>....... # ..#....#
#........ ....
######.##########.........
####
####.#............#.###.
#......###.#######..##
....##.......# #. #. ###


There were no monsters in sight!

Vanquished Creatures
  A jelly (D:4)
  An orc priest (D:4)
  A hound (D:4)
  An iguana (D:4)
  An orc wizard (D:3)
  8 gnolls
  5 adders
  2 worms
  2 dart slugs
  2 orcs
  A bat zombie (D:3)
  8 endoplasms
  3 giant cockroaches
  7 goblins
  6 hobgoblins
  5 jackals
  A quokka (D:1)
  8 ball pythons
  3 bats (D:3)
  3 frilled lizards
  4 kobolds
  3 rats (D:3)
76 creatures vanquished.

Vanquished Creatures (others)
  82 plants (D:1)
82 creatures vanquished.

Grand Total: 158 creatures vanquished

Notes
Turn   | Place    | Note
-------+----------+-------------------------------------------
     0 | D:1      | Lobster4 the Ogre Air Elementalist began the quest for the
                  | Orb.
     0 | D:1      | Reached XP level 1. HP: 16/16 MP: 3/3
    83 | D:1      | Reached skill level 1 in Conjurations
   406 | D:1      | Reached XP level 2. HP: 26/26 MP: 2/5
  1252 | D:1      | Found Ysyota Buzue's Antique Weapon Boutique.
  1564 | D:2      | Reached XP level 3. HP: 32/32 MP: 2/6
  1574 | D:2      | Reached skill level 1 in Fighting
  2227 | D:2      | Reached XP level 4. HP: 41/41 MP: 1/8
  2489 | D:2      | Reached skill level 1 in Armour
  2491 | D:2      | Reached skill level 1 in Maces & Flails
  2590 | D:2      | Learned a level 2 spell: Poisonous Vapours
  2594 | D:2      | Learned a level 3 spell: Swiftness
  2809 | D:3      | Found a runed translucent door.
  2809 | D:3      | Noticed hikkokomori's ghost (amateur MfGl)
  2871 | D:3      | Reached XP level 5. HP: 44/49 MP: 5/9
  2883 | D:3      | Reached skill level 1 in Shields
  3223 | D:3      | Found an ancient bone altar of Kikubaaqudgha.
  4325 | D:3      | Reached XP level 6. HP: 8/57 MP: 5/10
  4499 | D:3      | Learned a level 3 spell: Mephitic Cloud
  5056 | D:4      | Killed from afar by an orc wizard

Illustrated notes

Levels and vault maps discovered:
D:1:      roderic_crop_circles_arrival_small, layout_basic, serial_shops, shop,
          minmay_domino_2
D:2:      layout_rooms
D:3:      layout_basic, lemuel_zombie_altar_kikubaaqudgha,
          hellmonk_ghost_happy_afterlife, grunt_ministairs_10
D:4:      layout_rooms

Skill      XL: |  1  2  3  4  5  6 |
---------------+-------------------+-----
Conjurations   | 1 2 |  2.0
Dodging        | 2 |  2.5
Fighting       | 1 2 |  2.4
Air Magic      | 3 |  3.3
Armour         | 1 |  1.5
Maces & Flails | 1 |  1.7
Spellcasting   | 3 |  3.3
Shields        | 1 |  1.4
Throwing       | |  0.7
Stealth        | |  1.4
Poison Magic   | |  0.8
Evocations     | |  0.4

Action                     |  1- 3 |  4- 6 || total
---------------------------+-------+-------++-------
  Melee: Whip              |    23 |    75 ||    98
         Unarmed           |     2 |       ||     2
         Punch             |       |     1 ||     1
   Cast: Shock             |    62 |   111 ||   173
         Poisonous Vapours |       |     5 ||     5
  Evoke: Wand              |       |     1 ||     1
    Use: Potion            |     1 |       ||     1
 Armour: Robe              |    12 |    25 ||    37
  Dodge: Dodged            |    16 |    32 ||    48

Table legend: (Time is in decaauts)
 A = Elapsed time spent in this place.
 B = Non-inter-level travel time spent in this place.
 C = Inter-level travel time spent in this place.
 D = Time resting spent in this place.
 E = Time spent auto-exploring this place.
 F = Levels seen in this place.
 G = Mean time per level.
                   A        B        C        D        E       F      G
               +--------+--------+--------+--------+--------+-----+--------+
         Total |   5045 |   4791 |    254 |    521 |   3618 |   4 | 1261.2 |
       Dungeon |   5045 |   4791 |    254 |    521 |   3618 |   4 | 1261.2 |
               +--------+--------+--------+--------+--------+-----+--------+

Top non-repeatable levels by time:
     D:1: 1689 daAuts
     D:3: 1672 daAuts
     D:2: 1104 daAuts
     D:4: 578 daAuts
